 Dungeon Crawl Stone Soup version 0.31-a0-232-gb1c03b2570 (webtiles) character file.

Game seed: 1270890687784075183

117 qw the Shooter (level 4, 0/37 HPs)
             Began as a Minotaur Hexslinger on July 6, 2023.
             Slain by an ogre
             ... wielding a +0 giant spiked club
              (28 damage)
             ... on level 3 of the Dungeon.
             The game lasted 00:00:47 (1862 turns).

qw the Shooter (Minotaur Hexslinger)                Turns: 1862, Time: 00:00:48

Health: 0/37       AC:  5    Str: 11    XL:     4   Next: 71%
Magic:  4/4        EV: 11    Int: 13    God:
Gold:   108        SH:  0    Dex: 17    Spells: 4/5 levels left

rFire   . . .        b - +1 sling (heavy)
rCold   + . .        (no shield)
rNeg    . . .        g - +0 ring mail
rPois   .            (helmet restricted)
rElec   .            (no cloak)
rCorr   .            (no gloves)
SInv    +            (no boots)
Will    .....        i - amulet of the acrobat
Stlth   +            h - ring of see invisible
HPRegen 0.26/turn    d - ring of protection from cold
MPRegen 0.09/turn

%: acrobat
@: no status effects
A: horns 2, retaliatory headbutt, agile 1, clever 1
a: no special abilities


You were on level 3 of the Dungeon.
You visited 1 branch of the dungeon, and saw 3 of its levels.

You collected 108 gold pieces.


Innate Abilities, Weirdness & Mutations

You have a pair of horns on your head.
You reflexively headbutt those who attack you in melee.
You are agile. (Dex +4, Str/Int -1)
Your mind is acute. (Int +4, Str/Dex -1)


   Skills:
 + Level 2.3 Fighting
 - Level 5.0 Ranged Weapons
 - Level 1.0 Armour
 - Level 2.1 Dodging
 - Level 1.0 Spellcasting
 - Level 2.0 Hexes


You had 4 spell levels left.
You knew the following spells:

 Your Spells              Type           Power      Damage    Failure   Level
a - Slow                  Hex            20%        N/A       28%         1

Your spell library contained the following spells:

 Spells                   Type           Power      Damage    Failure   Level
 Inner Flame              Hex/Fire       3%         N/A       78%         3
 Portal Projectile        Hex/Tloc       6%         N/A       78%         3
 Cause Fear               Hex            2%         N/A       96%         4

Inventory:

Hand Weapons
 b - a +1 heavy sling (weapon)
Armour
 g - a +0 ring mail (worn)
Jewellery
 d - a ring of protection from cold (right hand)
 h - a ring of see invisible (left hand)
 i - an amulet of the acrobat (around neck)
Scrolls
 a - 5 scrolls of teleportation
Potions
 c - a potion of degeneration {unknown}
 e - a potion of cancellation {unknown}
 f - 4 potions of curing
 k - a potion of mutation

Dungeon Overview and Level Annotations

Branches:
Dungeon (3/15)

Altars:
Cheibriados

Shops:
D:2 (


Message History

Enter note:
Enter note:
Enter note:
Enter note:
Enter note:
Enter note: You shoot a sling bullet.
The sling bullet hits the goblin!
You kill the goblin!
A goblin comes into view. It is wielding a +0 dagger.
The goblin moves out of view.
You shoot a sling bullet.
The sling bullet barely misses the goblin.
The sling bullet hits the goblin.
The goblin is moderately wounded.
You hear a shout!
The goblin closely misses you. The goblin barely misses you. x2
You furiously retaliate!
You headbutt the goblin, but do no damage.
The goblin hits you but does no damage.
A goblin comes into view. It is wielding a +0 club.
You shoot a sling bullet. The sling bullet hits the goblin.
You kill the goblin!
The goblin hits you but does no damage.
A goblin comes into view. It is wielding a +0 dagger.
The goblin hits you but does no damage. The goblin completely misses you.
The goblin moves out of view.
You shoot a sling bullet. The sling bullet hits the goblin!
You kill the goblin!
The goblin hits you with a +0 club. x2
You shoot a sling bullet.
The sling bullet barely misses the ogre.
The sling bullet hits the goblin.
You kill the goblin!
The goblin hits you with a +0 club. The ogre closely misses you.
The goblin hits you with a +0 club.
You shoot a sling bullet. The sling bullet hits the ogre!
The ogre is moderately wounded.
The ogre hits you with a +0 giant spiked club!!
Ouch! That really hurt!
You die...

#....# ######....#
### #.........###.#
#..##.##.....(#
##.##..#.##...#
#.###.#.###..# #.#
#...###... ######.#
##......#.
#g@....####..##%...
#O####......####.#.
#)g ##).#### ##...
#.. #..######.>## #..
#..##..%...##
#########..##.####...
#..........##%# ####
#.....##......## #
#.....####..<..##


You could see an ogre and 2 goblins.

Vanquished Creatures
  3 gnolls (D:2)
  4 dart slugs
  8 endoplasms
  3 giant cockroaches (D:1)
  12 goblins
  6 hobgoblins
  4 jackals (D:2)
  7 kobolds
  2 quokkas
  8 ball pythons
  14 bats
  3 rats (D:1)
74 creatures vanquished.

Notes
Turn   | Place    | Note
-------+----------+-------------------------------------------
     0 | D:1      | qw the Minotaur Hexslinger began the quest for the Orb.
     0 | D:1      | Reached XP level 1. HP: 16/16 MP: 1/1
     0 | D:1      | 0 ||| qw: Version: 0.3-a-46-gb1f654a
     0 | D:1      | 0 ||| qw: Game counter: 1975
     0 | D:1      | 0 ||| qw: Melee chars always use a shield: true
     0 | D:1      | 0 ||| qw: God list: Okawaru
     0 | D:1      | 0 ||| qw: Allow faded altars: false
     0 | D:1      | 0 ||| qw: Do Orc after clearing Dungeon:15 true
     0 | D:1      | 0 ||| qw: Do second Lair branch before Depths: true
     0 | D:1      | 0 ||| qw: Lair rune preference: random
     0 | D:1      | 0 ||| qw: Goals: Normal
     0 | D:1      | 0 ||| PLANNING D:1-11
    96 | D:1      | Reached skill level 3 in Ranged Weapons
   110 | D:1      | Reached XP level 2. HP: 23/23 MP: 2/2
   364 | D:1      | Reached XP level 3. HP: 29/29 MP: 3/3
   424 | D:1      | Found a faded altar of an unknown god.
   663 | D:1      | Reached skill level 4 in Ranged Weapons
   670 | D:1      | 670 ||| UPGRADING to amulet of the acrobat.
   675 | D:1      | 675 ||| UPGRADING to ring of see invisible.
   676 | D:1      | 676 ||| READING 3 scrolls labelled FOUSOSS DIURO.
   680 | D:1      | 680 ||| READING scroll labelled YMOECO YLEE.
   681 | D:1      | 681 ||| READING scroll labelled WOH DOFEPYM.
   735 | D:1      | 735 ||| DRINKING 4 fizzy clear potions.
   736 | D:1      | 736 ||| DROPPING scroll of poison.
   781 | D:2      | 781 ||| READING scroll of brand weapon.
   781 | D:2      | 781 ||| BRANDING +1 sling of electrocution.
   924 | D:2      | Reached XP level 4. HP: 28/36 MP: 4/4
  1112 | D:2      | Found Townynya's Antique Weapon Emporium.
  1117 | D:2      | 1117 ||| SHOPLISTING glowing orcbow (162 gold, have 70).
  1117 | D:2      | 1117 ||| SHOPLISTING smoking orcbow (212 gold, have 70).
  1157 | D:2      | Reached skill level 5 in Ranged Weapons
  1403 | D:2      | 1403 ||| UPGRADING to +0 ring mail.
  1413 | D:2      | 1413 ||| DROPPING +0 robe.
  1414 | D:2      | 1414 ||| UPGRADING to ring of protection from cold.
  1415 | D:2      | 1415 ||| READING scroll labelled OSUGHOFF DOHO.
  1416 | D:2      | 1416 ||| READING scroll labelled NYKOKHLUITO.
  1417 | D:2      | 1417 ||| READING scroll labelled CUFINO FUDGHUSO.
  1418 | D:2      | 1418 ||| DRINKING 3 viscous purple potions.
  1441 | D:2      | 1441 ||| DROPPING 2 potions of lignification.
  1521 | D:3      | 1521 ||| FLEEEEING.
  1522 | D:3      | 1522 ||| FLEEEEING.
  1523 | D:3      | 1523 ||| FLEEEEING.
  1524 | D:3      | 1524 ||| FLEEEEING.
  1525 | D:3      | 1525 ||| FLEEEEING.
  1526 | D:3      | 1526 ||| FLEEEEING.
  1527 | D:3      | 1527 ||| FLEEEEING.
  1533 | D:3      | 1533 ||| STAIRDANCE
  1545 | D:2      | 1545 ||| DRINKING 2 fizzy dark potions.
  1545 | D:2      | Gained mutation: Your mind is acute. (Int +4, Str/Dex -1)
                  | [potion of mutation]
  1545 | D:2      | Gained mutation: You are agile. (Dex +4, Str/Int -1)
                  | [potion of mutation]
  1654 | D:3      | Reached skill level 1 in Armour
  1664 | D:3      | Found a snail-covered altar of Cheibriados.
  1856 | D:3      | Noticed an ogre
  1862 | D:3      | Slain by an ogre

Levels and vault maps discovered:
D:1:      dpeg_arrival_prison, layout_loops_ring, ebering_ecumenical_altar_mist
D:2:      minmay_door_path, layout_rooms, serial_shops, nicolae_shop_peninsula,
          columned_hall_lemuel
D:3:      layout_rooms, lemuel_round_altar, minmay_ogre_servants

Skill      XL: |  1  2  3  4 |
---------------+-------------+-----
Ranged Weapons | 3 4 5 |  5.0
Fighting       | 2 |  2.3
Armour         | 1 |  1.0
Dodging        | |  2.1
Spellcasting   | |  1.0
Hexes          | |  2.0

Action                     |  1- 3 |  4- 6 || total
---------------------------+-------+-------++-------
   Fire: Sling             |   112 |    41 ||   153
    Use: Scroll            |     4 |     3 ||     7
         Potion            |     1 |     2 ||     3
 Armour: Robe              |    21 |     1 ||    22
         Ring mail         |       |     3 ||     3
  Dodge: Dodged            |    29 |    12 ||    41

Table legend:
 A = Non-vault XP
 B = Vault XP
 C = Vault XP percentage of total XP
 D = Non-vault monster count
 E = Vault monster count
 F = Vault count percentage of total count
                 A         B        C        D         E       F
            +---------+---------+-------+---------+---------+-------
      Total |     149 |      19 |  11.3 |      65 |       9 |  12.2
            +---------+---------+-------+---------+---------+-------
        D:1 |      58 |       7 |  10.8 |      34 |       4 |  10.5
        D:2 |      72 |       4 |   5.3 |      21 |       1 |   4.5
        D:3 |      19 |       8 |  29.6 |      10 |       4 |  28.6
            +---------+---------+-------+---------+---------+-------
